[Event "Titled Tuesday Blitz February 14 Late 2023"]
[White "Abdi, Farzad"]
[Black "Mayaud, Raphael"]
[WhiteFideId "2076829"]
[BlackFideId "627151"]
[WhiteElo "2068"]
[BlackElo "2201"]
[Result "0-1"]
[Round "07"]
[TimeControl "180+2"]
[Date "2023.02.14"]
[WhiteClock "0:00:20"]
[BlackClock "0:00:24"]

1. e4 d5 2. exd5 Qxd5 3. Nc3 Qa5 4. d4 c6 5. Bc4 Nf6 6. Nf3 Bf5 7. Qe2 e6 8. Bd2 Bb4 9. O-O-O Nbd7 10. a3 Bxc3 11. Bxc3 Qc7 12. Ne5 Nxe5 13. dxe5 Nd5 14. Bxd5 cxd5 15. Bb4 Rc8 16. Rd2 Qc4 17. Qe3 Qa2 18. Kd1 Qa1+ 19. Ke2 Qxb2 20. Qg5 Qxe5+ 21. Qe3 Qxe3+ 22. fxe3 f6 23. a4 Kf7 24. c3 a5 25. Bxa5 Ra8 26. Bb4 Rxa4 27. h3 h5 28. Rg1 h4 29. Rf1 Rha8 30. Kf2 Ra2 31. Rd1 Be4 32. Bc5 g5 33. Bb4 b5 34. Bc5 e5 35. Bb4 Ke6 36. Bc5 R8a4 37. Bb4 f5 38. Bc5 g4 39. hxg4 fxg4 40. Bb4 h3 41. gxh3 gxh3 42. Kg3 Bg2 43. Bc5 Ra8 44. Bb4 Rg8+ 45. Kh2 Raa8 46. Rf2 Be4 47. Rg1 Rg2+ 48. Rgxg2 hxg2 49. Rxg2 Rh8+ 50. Kg1 Bxg2 51. Kxg2 Kf5 52. Kf3 e4+ 53. Kf2 Ke6 54. Kg3 Rc8 55. Kf4 Rc4 56. Kg3 Rc8 57. Kf2 Ra8 58. Ke2 Ra6 59. Kd2 Ra4 60. Kc2 Ra2+ 61. Kb3 Ra7 62. Bc5 Rf7 63. Bd4 Rh7 64. Kb4 Rh5 65. Kxb5 Rh3 66. Kc5 Rh1 67. Kb5 Rb1+ 68. Kc5 Rb8 69. Kc6 Rc8+ 70. Kb7 Rc4 71. Kb6 Kf5 72. Kb5 Kg4 73. Kb6 Kf3 74. Kb5 Ke2 75. Kb6 Kd1 76. Kb5 Kc1 77. Kb6 Kb1 78. Kb5 Kc2 79. Kb6 Rxc3 80. Kb5 Rc4 81. Kb6 Kd3 82. Kb5 Rxd4 0-1


[Site "https://www.chess.com"]

[Event "Titled Tuesday Blitz February 14 Late 2023"]
[White "Meunier-Pion, Jean"]
[Black "Romero Ruscalleda, Josep"]
[WhiteFideId "20685327"]
[BlackFideId "2231859"]
[WhiteElo "2215"]
[BlackElo "2160"]
[Result "1-0"]
[Round "07"]
[TimeControl "180+2"]
[Date "2023.02.14"]
[WhiteClock "0:00:07"]
[BlackClock "0:00:01"]

1. e4 g6 2. d4 Bg7 3. Nc3 d6 4. Bc4 c6 5. f4 b5 6. Bb3 a5 7. a4 b4 8. Nce2 Nf6 9. e5 dxe5 10. fxe5 Nd5 11. Nf3 O-O 12. O-O Na6 13. c4 bxc3 14. bxc3 Nac7 15. c4 Nb4 16. Bg5 f6 17. exf6 exf6 18. Bf4 Ne6 19. d5 cxd5 20. cxd5 Qb6+ 21. Kh1 Nxf4 22. Nxf4 Kh8 23. Rc1 Bg4 24. Qe1 Bh6 25. Rc4 Bxf3 26. Rxf3 Bxf4 27. Rcxf4 Rae8 28. Re4 Rxe4 29. Qxe4 Kg7 30. Qe7+ Rf7 31. Qe6 Qc7 32. h3 Qc1+ 33. Kh2 Qg5 34. d6 Rb7 35. Qg8+ Kh6 36. Qf8+ Kh5 37. g4+ Kh4 38. Qxf6 Qxf6 39. Rxf6 1-0


[Site "https://www.chess.com"]

[Event "Titled Tuesday Blitz February 14 Late 2023"]
[White "Levine, David"]
[Black "Delorme, Axel"]
[WhiteFideId "2011611"]
[BlackFideId "632023"]
[WhiteElo "2040"]
[BlackElo "2483"]
[Result "0-1"]
[Round "07"]
[TimeControl "180+2"]
[Date "2023.02.14"]
[WhiteClock "0:00:02"]
[BlackClock "0:01:05"]

1. d4 d5 2. c4 e6 3. g3 c5 4. cxd5 exd5 5. Nf3 Nc6 6. Bg2 Nf6 7. O-O cxd4 8. Nxd4 Bc5 9. Nb3 Bb6 10. Nc3 d4 11. Nb5 O-O 12. Bf4 Nd5 13. Bd6 Nde7 14. Bc5 Bxc5 15. Nxc5 a6 16. Na3 Qb6 17. Rc1 Rd8 18. Nd3 Be6 19. Nc4 Qb5 20. b3 Rac8 21. Qd2 Nd5 22. h4 Nc3 23. h5 Bxc4 24. bxc4 Qxc4 25. h6 g6 26. Rc2 Qe6 27. Nc5 Qe7 28. Rxc3 dxc3 29. Qxc3 Qe5 30. Qa3 Nd4 31. Ne4 Nxe2+ 32. Kh2 Qh5+ 33. Bh3 Qxh6 34. Nf6+ Kh8 35. Re1 Nd4 36. Qe7 Nf3+ 37. Kg2 Nxe1+ 0-1


[Site "https://www.chess.com"]

[Event "Titled Tuesday Blitz February 14 Late 2023"]
[White "Djordjevic, Dejan N"]
[Black "Gutkin, Ilya"]
[WhiteFideId "913316"]
[BlackFideId "16203470"]
[WhiteElo "2167"]
[BlackElo "2273"]
[Result "0-1"]
[Round "07"]
[TimeControl "180+2"]
[Date "2023.02.14"]
[WhiteClock "0:00:03"]
[BlackClock "0:00:03"]

1. e4 e5 2. Nf3 Nc6 3. Bc4 Nf6 4. d3 Bc5 5. O-O d6 6. Re1 Bg4 7. c3 Bb6 8. Nbd2 h6 9. Nf1 g5 10. Be3 Ne7 11. a4 c6 12. a5 Bc7 13. Qb3 O-O 14. N3d2 Qd7 15. f3 Bh5 16. Ng3 Bg6 17. d4 d5 18. Bd3 dxe4 19. Ndxe4 Nxe4 20. Nxe4 Kg7 21. Nc5 Qd5 22. Qxd5 Nxd5 23. Bxg6 Kxg6 24. Nxb7 exd4 25. Bxd4 Rfb8 26. a6 Bb6 27. Bxb6 axb6 28. Nd6 Ra7 29. Nc4 Kf6 30. Ne5 Rc8 31. Rad1 b5 32. Nxc6 Rxc6 33. Rxd5 Raxa6 34. Rxb5 Rd6 35. Re2 Ra1+ 36. Kf2 Rd3 37. Rb6+ Kg7 38. h4 gxh4 39. c4 Rc1 40. b3 Rdc3 41. Re3 R1c2+ 42. Re2 Rc1 43. Rb2 Rh1 44. Rd6 h3 45. Kg3 h2 0-1


[Site "https://www.chess.com"]

[Event "Titled Tuesday Blitz February 14 Late 2023"]
[White "Estrada Nieto, Julian"]
[Black "Alfaro, William"]
[WhiteFideId "5101018"]
[BlackFideId "6100457"]
[WhiteElo "2215"]
[BlackElo "2134"]
[Result "0-1"]
[Round "07"]
[TimeControl "180+2"]
[Date "2023.02.14"]
[WhiteClock "0:00:01"]
[BlackClock "0:01:09"]

1. e4 c5 2. Nf3 Nc6 3. Bb5 e6 4. O-O Nge7 5. Re1 d6 6. d4 cxd4 7. Nxd4 Bd7 8. Nc3 a6 9. Bxc6 Nxc6 10. Nxc6 Bxc6 11. Qg4 h5 12. Qh3 Be7 13. Bf4 e5 14. Be3 Bg5 15. Rad1 Rh6 16. Nd5 Kf8 17. Qf3 Bd7 18. Nb6 Bg4 19. Qg3 Bh4 20. Bxh6 Bxg3 21. Nxa8 gxh6 22. hxg3 Bxd1 23. Rxd1 Qxa8 24. Rxd6 b5 25. Rxh6 Qxe4 26. Rxh5 Qe1+ 27. Kh2 f6 28. Rf5 Kf7 29. Rf3 Qd2 30. Rc3 Qxf2 31. Rc7+ Kg6 32. Rc6 a5 33. Rc3 a4 34. a3 Kg5 35. Rc8 Qd4 36. Rg8+ Kf5 37. c3 Qd2 38. Rh8 Qxb2 0-1


[Site "https://www.chess.com"]

[Event "Titled Tuesday Blitz February 14 Late 2023"]
[White "Carrasco Miranda, Andres"]
[Black "Stanisz, Patryk"]
[WhiteFideId "3405990"]
[BlackFideId "1123106"]
[WhiteElo "2240"]
[BlackElo "2161"]
[Result "1-0"]
[Round "07"]
[TimeControl "180+2"]
[Date "2023.02.14"]
[WhiteClock "0:00:58"]
[BlackClock "0:00:01"]

1. d4 d5 2. c4 c6 3. Nf3 Nf6 4. e3 e6 5. b3 b6 6. Bd3 Bb7 7. Bb2 Nbd7 8. O-O Be7 9. Nbd2 O-O 10. Ne5 Nxe5 11. dxe5 Nd7 12. f4 f5 13. Nf3 c5 14. Qe2 Qc7 15. Rac1 a5 16. a4 Rad8 17. Rfd1 h6 18. cxd5 Bxd5 19. Bc4 Qb7 20. Bxd5 exd5 21. Qb5 Nb8 22. Rd2 Qc6 23. Rcd1 Qxb5 24. axb5 Kf7 25. Rxd5 Ke6 26. Rxd8 Rxd8 27. Rxd8 Bxd8 28. Kf2 Nd7 29. Nd2 Nf8 30. Kf3 g6 31. e4 Kd7 32. g4 fxg4+ 33. Kxg4 h5+ 34. Kf3 Ne6 35. Nc4 Kc7 36. f5 Ng5+ 37. Ke3 Kb7 38. e6 1-0


[Site "https://www.chess.com"]

[Event "Titled Tuesday Blitz February 14 Late 2023"]
[White "Vaglio Mattey, Emanuel"]
[Black "ritanovikova"]
[WhiteFideId "6504167"]
[WhiteElo "2155"]
[BlackElo "2189"]
[Result "1-0"]
[Round "07"]
[TimeControl "180+2"]
[Date "2023.02.14"]
[WhiteClock "0:00:20"]
[BlackClock "0:00:18"]

1. d4 e5 2. dxe5 Nc6 3. Nf3 Qe7 4. Nc3 Nxe5 5. e4 Nf6 6. Bd3 Nxd3+ 7. cxd3 d6 8. h3 h6 9. O-O Be6 10. d4 O-O-O 11. d5 Bd7 12. Re1 g5 13. e5 dxe5 14. Nxe5 Re8 15. Bd2 Rg8 16. Qf3 Bg7 17. Nc6 Qd6 18. Nb5 Bg4 19. Nxd6+ cxd6 20. hxg4 bxc6 21. Qf5+ Kc7 22. Ba5+ Kb7 23. dxc6+ Ka6 24. a4 d5 25. b4 Re4 26. Rxe4 Nxe4 27. Qxd5 Nc3 28. Qc4+ 1-0


[Site "https://www.chess.com"]

[Event "Titled Tuesday Blitz February 14 Late 2023"]
[White "Cruz Gomez, Miguel Angel"]
[Black "Li, Hui"]
[WhiteFideId "5137160"]
[BlackFideId "15400310"]
[WhiteElo "1950"]
[BlackElo "1963"]
[Result "1-0"]
[Round "07"]
[TimeControl "180+2"]
[Date "2023.02.14"]
[WhiteClock "0:00:17"]
[BlackClock "0:00:01"]

1. e4 e5 2. Bc4 Nf6 3. d3 c6 4. Nf3 d5 5. Bb3 Bd6 6. Nc3 dxe4 7. Ng5 O-O 8. Ncxe4 Nxe4 9. Nxe4 Bf5 10. Qf3 Bxe4 11. dxe4 Na6 12. c3 Nc5 13. Bc2 Be7 14. h4 Qd6 15. h5 Rad8 16. h6 g6 17. Rh3 Qf6 18. Qe2 Ne6 19. g3 Ng5 20. Rh1 Qf3 21. Qxf3 Nxf3+ 22. Ke2 Ng5 23. Be3 b6 24. a4 Ne6 25. a5 Bc5 26. axb6 axb6 27. Ra7 Bxe3 28. Kxe3 Ra8 29. Rha1 Rxa7 30. Rxa7 Rb8 31. Bb3 Nd8 32. Kf3 Kf8 33. Kg4 Rb7 34. Ra8 Ke7 35. Kf3 b5 36. Bc2 b4 37. c4 Ne6 38. Ke3 Rd7 39. Rh8 Nf8 40. Ba4 Rc7 41. Rg8 c5 42. Rg7 Ra7 43. b3 Ra8 44. f4 exf4+ 45. gxf4 Rd8 46. e5 Rd1 47. Ke2 Rd4 48. Ke3 Rd1 49. Bc6 Rh1 50. Bd5 Rxh6 51. Rxf7+ Ke8 52. Ra7 Rh3+ 53. Ke4 Rxb3 54. Bc6+ Kd8 55. Kd5 Rd3+ 56. Kxc5 b3 57. Bd5 Nd7+ 58. Kd6 Nb8 59. Rxh7 1-0


[Site "https://www.chess.com"]

[Event "Titled Tuesday Blitz February 14 Late 2023"]
[White "Figorito, Nick"]
[Black "De Souza, Cristiano Gomes"]
[WhiteFideId "30923689"]
[BlackFideId "2151758"]
[WhiteElo "2036"]
[BlackElo "2018"]
[Result "1-0"]
[Round "07"]
[TimeControl "180+2"]
[Date "2023.02.14"]
[WhiteClock "0:00:47"]
[BlackClock "0:00:04"]

1. Nf3 Nf6 2. g3 g6 3. Bg2 Bg7 4. O-O O-O 5. c4 d5 6. cxd5 Nxd5 7. Nc3 Nb6 8. d4 Nc6 9. d5 Ne5 10. Nxe5 Bxe5 11. Bh6 Bg7 12. Bxg7 Kxg7 13. e4 e6 14. Rc1 exd5 15. exd5 a6 16. a4 Qf6 17. a5 Nd7 18. b4 Qd8 19. Ne4 f5 20. Qd4+ Kg8 21. Nc5 Nf6 22. Rfe1 Qd6 23. Ne6 Rf7 24. Nxc7 Rxc7 25. Rxc7 Qxc7 26. Qxf6 Qf7 27. Qd6 f4 28. Qd8+ Kg7 29. Re7 1-0


[Site "https://www.chess.com"]

[Event "Titled Tuesday Blitz February 14 Late 2023"]
[White "Sariego Figueredo, Wilfredo"]
[Black "Ardila, Oscar Humberto"]
[WhiteFideId "3500080"]
[BlackFideId "4404742"]
[WhiteElo "2318"]
[BlackElo "1982"]
[Result "1-0"]
[Round "07"]
[TimeControl "180+2"]
[Date "2023.02.14"]
[WhiteClock "0:00:09"]
[BlackClock "0:00:06"]

1. d4 Nf6 2. Bf4 e6 3. e3 Be7 4. Nf3 d6 5. Bd3 Nbd7 6. Nbd2 Nf8 7. h3 Ng6 8. Bh2 O-O 9. c3 c5 10. O-O b6 11. Re1 Bb7 12. e4 cxd4 13. cxd4 Rc8 14. Qa4 a6 15. Rac1 b5 16. Qb3 Qb6 17. a4 Bc6 18. Nc4 Qd8 19. axb5 Bxb5 20. Ne3 Rb8 21. Bxb5 Rxb5 22. Qc2 Qb8 23. Nc4 Rd8 24. Qa4 Qb7 25. Na5 Qb6 26. Nc6 Re8 27. Nxe7+ Nxe7 28. e5 dxe5 29. Bxe5 Nfd5 30. Rc5 Ng6 31. Rec1 Nxe5 32. Nxe5 h6 33. Rxb5 axb5 34. Qa2 Qxd4 35. Nc6 Nf4 36. Nxd4 e5 37. Nf3 Ne2+ 38. Kf1 Nxc1 39. Qb1 Rc8 40. Qe4 Nb3 41. Qxe5 Rc1+ 42. Ne1 Nd2+ 43. Ke2 Nc4 44. Qe8+ Kh7 45. Qe4+ Kg8 46. Qa8+ Kh7 47. f3 Rb1 48. Qe4+ g6 49. Qxb1 1-0


[Site "https://www.chess.com"]

[Event "Titled Tuesday Blitz February 14 Late 2023"]
[White "Wang, Alexander J"]
[Black "Georg, Heinz"]
[WhiteFideId "30955270"]
[BlackFideId "4607295"]
[WhiteElo "1815"]
[BlackElo "2107"]
[Result "0-1"]
[Round "07"]
[TimeControl "180+2"]
[Date "2023.02.14"]
[WhiteClock "0:01:43"]
[BlackClock "0:02:28"]

1. e4 e5 2. Nf3 Nc6 3. Bb5 f5 4. d3 Nf6 5. Nc3 d6 6. Bg5 Be7 7. Qd2 O-O 8. Bc4+ Kh8 9. Bh4 fxe4 10. dxe4 Nxe4 11. Nxe4 Bxh4 12. Neg5 Nd4 13. Nxh4 Rf4 14. Nhf3 Nxf3+ 15. Nxf3 Rxc4 0-1


[Site "https://www.chess.com"]

[Event "Titled Tuesday Blitz February 14 Late 2023"]
[White "Tarnowska, Aleksandra"]
[Black "Chabris, Christopher"]
[WhiteFideId "1180967"]
[BlackFideId "2005263"]
[WhiteElo "1835"]
[BlackElo "2053"]
[Result "0-1"]
[Round "07"]
[TimeControl "180+2"]
[Date "2023.02.14"]
[WhiteClock "0:00:01"]
[BlackClock "0:00:21"]

1. e4 c5 2. Nf3 d6 3. Bb5+ Nd7 4. O-O Nf6 5. d3 a6 6. Bxd7+ Nxd7 7. Nc3 e6 8. Ne2 Be7 9. Ng3 O-O 10. d4 cxd4 11. Nxd4 Qc7 12. Be3 b5 13. c3 Bb7 14. Qg4 Ne5 15. Qe2 Qc4 16. Qd2 Qd3 17. f4 Qxd2 18. Bxd2 Nc4 19. Bc1 Bd8 20. b3 Nb6 21. f5 e5 22. Nf3 f6 23. Be3 d5 24. exd5 Nxd5 25. Bc5 Re8 26. Rac1 Nf4 27. Rfd1 Bc6 28. Rd6 Rc8 29. Kf2 Be7 30. Rxc6 Bxc5+ 31. Rxc5 Rxc5 32. Ne1 Rd8 33. Ke3 Rcd5 34. Ne2 Nxe2 35. Kxe2 Rd2+ 36. Kf1 Rxa2 37. Nf3 e4 38. Nd4 b4 39. Ne6 Rdd2 40. cxb4 Rf2+ 41. Kg1 Rxg2+ 42. Kf1 Raf2+ 0-1


[Site "https://www.chess.com"]

[Event "Titled Tuesday Blitz February 14 Late 2023"]
[White "Leonte, Sebastian-Marian"]
[Black "Curtis, John"]
[WhiteFideId "1268767"]
[BlackFideId "3200256"]
[WhiteElo "1279"]
[BlackElo "2292"]
[Result "0-1"]
[Round "07"]
[TimeControl "180+2"]
[Date "2023.02.14"]
[WhiteClock "0:00:02"]
[BlackClock "0:01:03"]

1. e4 c5 2. Nf3 d6 3. d4 cxd4 4. Nxd4 Nf6 5. Nc3 a6 6. f3 e5 7. Nb3 Be6 8. Be3 b5 9. Qd2 Be7 10. O-O-O Nc6 11. g4 O-O 12. g5 Nd7 13. Nd5 Bxd5 14. exd5 Na7 15. Kb1 Nb6 16. Na5 Rb8 17. Qf2 Qc7 18. Bd3 Rfc8 19. h4 Na4 20. Bxa7 Qxa5 21. Bxb8 Qb4 22. b3 Nc3+ 23. Kb2 Nxd1+ 24. Rxd1 Qc3+ 25. Kb1 Rxb8 26. Qa7 Re8 27. Qxa6 h6 28. gxh6 e4 29. h7+ Kh8 30. Qc6 Qxc6 31. dxc6 exd3 32. Rxd3 Rc8 33. Rc3 Kxh7 34. a4 bxa4 35. b4 Bd8 36. Ka2 Bxh4 37. Ka3 Bd8 38. Kxa4 Kg6 39. Kb5 Rb8+ 40. Ka6 Bc7 41. b5 Rb6+ 0-1


[Site "https://www.chess.com"]

[Event "Titled Tuesday Blitz February 14 Late 2023"]
[White "Cueto, Jonny"]
[Black "Sailer, Mike"]
[WhiteFideId "3300145"]
[BlackFideId "2012901"]
[WhiteElo "2122"]
[BlackElo "2109"]
[Result "1-0"]
[Round "07"]
[TimeControl "180+2"]
[Date "2023.02.14"]
[WhiteClock "0:00:21"]
[BlackClock "0:00:03"]

1. d4 d5 2. Bf4 Nf6 3. e3 Bf5 4. c4 Nc6 5. Qb3 Rb8 6. Nf3 e6 7. Qa4 Bb4+ 8. Nc3 O-O 9. Be2 Bxc3+ 10. bxc3 Ne4 11. Qb3 Na5 12. Qb4 Nxc4 13. Bxc4 dxc4 14. Qxc4 Rc8 15. O-O c5 16. Qb3 b6 17. a4 g5 18. Be5 g4 19. Ne1 Nd2 20. Qd1 Nxf1 21. Kxf1 cxd4 22. cxd4 Qd5 23. Nd3 Qc4 24. Ra3 Bxd3+ 25. Rxd3 Qc1 26. Ke2 Rc2+ 27. Ke1 Qxd1+ 28. Rxd1 Rfc8 29. d5 exd5 30. Rxd5 Rc1+ 31. Ke2 R8c2+ 32. Kd3 Rd1+ 33. Kxc2 Rxd5 34. Bd4 Kf8 35. Kd3 Ra5 36. e4 Rxa4 37. Ke3 Ke7 38. Be5 Ke6 39. Bb8 b5 40. e5 b4 41. Bd6 b3 42. Kd2 Ra6 43. Bb4 1-0


[Site "https://www.chess.com"]

[Event "Titled Tuesday Blitz February 14 Late 2023"]
[White "Souza, Gustavo Horokoski De"]
[Black "Rose, Felix"]
[WhiteFideId "2146584"]
[BlackFideId "5105722"]
[WhiteElo "1943"]
[BlackElo "2091"]
[Result "0-1"]
[Round "07"]
[TimeControl "180+2"]
[Date "2023.02.14"]
[WhiteClock "0:00:51"]
[BlackClock "0:01:23"]

1. d4 d5 2. c4 e6 3. Nc3 Nf6 4. cxd5 exd5 5. Bg5 c6 6. e3 Be7 7. Qc2 Nbd7 8. Bd3 h6 9. Bh4 Nh5 10. Bxe7 Qxe7 11. Nf3 Nf4 12. Bf1 Nb6 13. g3 Ne6 14. Bg2 Ng5 15. O-O O-O 16. Nxg5 Qxg5 17. a4 Bf5 18. Qc1 a5 19. Ne2 Qe7 20. Nf4 Qb4 21. Qc3 Nxa4 22. Qxb4 axb4 23. b3 Nc3 24. h3 Bc2 25. Rxa8 Rxa8 26. Rc1 Bxb3 27. h4 g5 0-1


[Site "https://www.chess.com"]

[Event "Titled Tuesday Blitz February 14 Late 2023"]
[White "Mendez Machado, Andre"]
[Black "Marin Masis, Jose Esteban"]
[WhiteFideId "6603793"]
[BlackFideId "6508146"]
[WhiteElo "1974"]
[BlackElo "1938"]
[Result "0-1"]
[Round "07"]
[TimeControl "180+2"]
[Date "2023.02.14"]
[WhiteClock "0:00:07"]
[BlackClock "0:00:14"]

1. e4 c5 2. Nc3 Nc6 3. Bb5 g6 4. Bxc6 bxc6 5. d3 Bg7 6. f4 d5 7. Nf3 e6 8. O-O Nf6 9. Qe1 O-O 10. Qh4 Nh5 11. Qh3 c4 12. e5 cxd3 13. g4 Nf6 14. exf6 Qxf6 15. cxd3 Ba6 16. Rd1 Rab8 17. Qh4 Rb4 18. Qxf6 Bxf6 19. d4 Rfb8 20. b3 c5 21. Ba3 Rxd4 22. Nxd4 Bxd4+ 23. Kh1 Bxc3 24. Rac1 d4 25. Bxc5 Rc8 26. b4 Be2 27. Rxc3 dxc3 28. Rc1 c2 29. Rxc2 Bf3+ 30. Kg1 a6 31. Kf2 Bd5 32. a3 Bb3 33. Rd2 Ba4 34. Rd6 Bb5 35. Rb6 h6 36. Ke3 Kh7 37. Rb7 Kg8 38. Bd4 h5 39. g5 Rd8 40. h4 Rc8 41. Ra7 Rd8 42. Rb7 Rc8 43. Bc5 Rd8 44. Be7 Rd3+ 45. Ke2 Rd7+ 0-1


[Site "https://www.chess.com"]

[Event "Titled Tuesday Blitz February 14 Late 2023"]
[White "Clawitter, Craig"]
[Black "Balog, Imre"]
[WhiteFideId "2023105"]
[BlackFideId "728446"]
[WhiteElo "2050"]
[BlackElo "2615"]
[Result "0-1"]
[Round "07"]
[TimeControl "180+2"]
[Date "2023.02.14"]
[WhiteClock "0:00:01"]
[BlackClock "0:00:08"]

1. e4 c5 2. Nf3 Nc6 3. d4 cxd4 4. Nxd4 e5 5. Nb5 d6 6. N1c3 a6 7. Na3 b5 8. Nd5 Nge7 9. c4 Nxd5 10. exd5 Nd4 11. cxb5 Be7 12. bxa6 O-O 13. Nc2 Qa5+ 14. Bd2 Qxd5 15. Nxd4 Qxd4 16. Bc3 Qe4+ 17. Qe2 Qc6 18. Qc4 Qb6 19. Qb4 Qa7 20. Qa3 d5 21. Bb4 Bxb4+ 22. Qxb4 Bxa6 23. Qa4 Qb6 24. Bxa6 Rxa6 25. Qc2 Qb5 26. Qe2 Qa5+ 27. Qd2 Rb8 28. Qxa5 Rxa5 29. O-O Rxb2 30. a4 Rb4 31. Rfc1 g6 32. g3 Rbxa4 33. Rxa4 Rxa4 34. Rc8+ Kg7 35. Rc5 Rd4 36. Kg2 Kf6 37. Kf3 Ke6 38. Ke3 Kd6 39. Rc8 Rc4 40. Rd8+ Ke7 41. Rxd5 Ke6 42. Rd8 Rc7 43. f4 exf4+ 44. Kxf4 Kf6 45. h4 Rc4+ 46. Kf3 Kf5 47. Rd5+ Ke6 48. Ra5 h5 49. Kg2 Kf6 50. Kf3 Rd4 51. Kg2 Ke6 52. Kf3 Rd5 53. Ra6+ Kf5 54. Ra7 f6 55. Ra6 g5 56. hxg5 fxg5 57. Rh6 Rd3+ 58. Kg2 Kg4 0-1


[Site "https://www.chess.com"]

[Event "Titled Tuesday Blitz February 14 Late 2023"]
[White "Oliveira, Tiago Batista"]
[Black "Davalos Prieto, Abel Justo"]
[WhiteFideId "2108291"]
[BlackFideId "5102766"]
[WhiteElo "1991"]
[BlackElo "2029"]
[Result "1-0"]
[Round "07"]
[TimeControl "180+2"]
[Date "2023.02.14"]
[WhiteClock "0:00:06"]
[BlackClock "0:00:07"]

1. d4 Nf6 2. c4 g6 3. Nc3 d5 4. cxd5 Nxd5 5. e4 Nxc3 6. bxc3 Bg7 7. Be3 c5 8. Rc1 Qa5 9. Qd2 cxd4 10. cxd4 Qxd2+ 11. Kxd2 Nc6 12. d5 Na5 13. f3 O-O 14. Bc5 Bh6+ 15. Be3 Bxe3+ 16. Kxe3 Bd7 17. Ne2 Rfc8 18. g3 Nc4+ 19. Kf2 e6 20. Nf4 exd5 21. Nxd5 Ne5 22. Ne7+ Kf8 23. Nxc8 Rxc8 24. Be2 Bc6 25. Rhd1 Ke7 26. f4 Nd7 27. Bf3 Nb6 28. e5 Bxf3 29. Kxf3 Rxc1 30. Rxc1 Kd7 31. Ke4 Nc8 32. g4 b5 33. f5 gxf5+ 34. gxf5 Nb6 35. Rg1 b4 36. Rg7 Ke8 37. Rxh7 a5 38. Kd4 Na4 39. Kd5 Nc3+ 40. Kd6 Kf8 41. f6 Kg8 42. Rg7+ Kf8 43. h4 Nxa2 44. h5 Nc3 45. h6 Ne4+ 46. Kd5 Nc3+ 47. Kc4 Ke8 48. h7 Kd7 49. Rxf7+ Ke6 50. Re7+ Kf5 51. h8=Q Ke4 52. f7 Ke3 53. f8=Q Kd2 54. Qh2+ Ne2 55. Qff2 Kc1 56. Qxe2 b3 57. Qg1# 1-0


[Site "https://www.chess.com"]

[Event "Titled Tuesday Blitz February 14 Late 2023"]
[White "Jesusesmifuerza"]
[Black "Kujawski, Adam"]
[BlackFideId "1100920"]
[WhiteElo "2001"]
[BlackElo "2173"]
[Result "0-1"]
[Round "07"]
[TimeControl "180+2"]
[Date "2023.02.14"]
[WhiteClock "0:00:11"]
[BlackClock "0:00:42"]

1. d4 Nf6 2. Nc3 d5 3. Bf4 a6 4. e3 h5 5. h3 b5 6. Nf3 Bb7 7. Bd3 Nbd7 8. Ne5 e6 9. O-O c5 10. dxc5 Nxc5 11. a3 Bd6 12. b4 Nxd3 13. cxd3 Rc8 14. Rc1 Qe7 15. d4 Ne4 16. Nxe4 dxe4 17. Rxc8+ Bxc8 18. Qc2 Bb7 19. f3 exf3 20. Nxf3 Bxf4 21. exf4 O-O 22. Qc5 Qf6 23. Qe5 Bxf3 24. Qxf6 gxf6 25. Rxf3 Rc8 26. Rd3 Rc2 27. Kh2 h4 28. f5 Kf8 29. Re3 Ke7 30. Re4 Rc3 31. fxe6 fxe6 32. Rxh4 Rxa3 33. Rg4 Rb3 34. h4 Rxb4 35. h5 Rc4 36. h6 Rc8 37. Rg7+ Kd6 38. Ra7 Rh8 39. h7 Kd5 40. Rd7+ Kc4 41. Kg3 b4 42. Kh4 b3 43. Kh5 b2 44. Rb7 Rxh7+ 45. Kg6 Rxb7 0-1


[Site "https://www.chess.com"]

[Event "Titled Tuesday Blitz February 14 Late 2023"]
[White "Vargas, Mauricio"]
[Black "Marcolino, Daniel Mattos"]
[WhiteFideId "4404572"]
[BlackFideId "2106841"]
[WhiteElo "2035"]
[BlackElo "2006"]
[Result "0-1"]
[Round "07"]
[TimeControl "180+2"]
[Date "2023.02.14"]
[WhiteClock "0:00:03"]
[BlackClock "0:01:27"]

1. e4 c6 2. f4 d5 3. e5 c5 4. Nf3 Nc6 5. Bb5 Bg4 6. Bxc6+ bxc6 7. O-O e6 8. c3 Qb6 9. Kh1 c4 10. h3 Bxf3 11. Rxf3 Ne7 12. d3 cxd3 13. Rxd3 h5 14. Na3 Nf5 15. Nc2 h4 16. Nd4 Ng3+ 17. Kh2 Ne4 18. b4 Nf2 19. Qf3 Nxd3 20. Qxd3 c5 21. bxc5 Bxc5 22. Be3 Rb8 23. Nb3 Bxe3 24. Rf1 Bc5 25. f5 exf5 26. Qxf5 O-O 27. Rf4 Be7 0-1


[Site "https://www.chess.com"]

[Event "Titled Tuesday Blitz February 14 Late 2023"]
[White "Bortnyk, Olexandr"]
[Black "Hakobyan, Aram"]
[WhiteFideId "14120828"]
[BlackFideId "13306677"]
[WhiteElo "2605"]
[BlackElo "2608"]
[Result "1/2-1/2"]
[Round "08"]
[TimeControl "180+2"]
[Date "2023.02.14"]
[WhiteClock "0:02:16"]
[BlackClock "0:02:12"]

1. d4 Nf6 2. Nc3 d5 3. Bf4 c5 4. e4 Nxe4 5. Nxe4 dxe4 6. dxc5 Qa5+ 7. c3 Qxc5 8. Qa4+ Nc6 9. Qxe4 g6 10. Nf3 Bg7 11. Rd1 O-O 12. Be3 Qf5 13. Qa4 Qa5 14. Qb3 Be6 15. Bc4 Bxc4 16. Qxc4 Rfd8 17. O-O Rxd1 18. Rxd1 Rd8 19. Rxd8+ Qxd8 20. h3 h6 1/2-1/2


[Site "https://www.chess.com"]

[Event "Titled Tuesday Blitz February 14 Late 2023"]
[White "Livaic, Leon"]
[Black "Andreikin, Dmitry"]
[WhiteFideId "14531534"]
[BlackFideId "4158814"]
[WhiteElo "2579"]
[BlackElo "2729"]
[Result "0-1"]
[Round "08"]
[TimeControl "180+2"]
[Date "2023.02.14"]
[WhiteClock "0:00:01"]
[BlackClock "0:00:09"]

1. d4 d5 2. c4 c6 3. cxd5 cxd5 4. Bf4 Nf6 5. e3 Nc6 6. Nc3 a6 7. Be2 Bf5 8. Nf3 e6 9. Qb3 Ra7 10. Ne5 Bd6 11. Nxc6 bxc6 12. Bxd6 Qxd6 13. Na4 O-O 14. Nc5 Rb8 15. Qc3 Ne4 16. Nxe4 Bxe4 17. O-O a5 18. Rfc1 a4 19. Bd1 Qb4 20. Qxb4 Rxb4 21. Rxc6 h6 22. f3 Bf5 23. Bc2 Rxb2 24. Bxf5 exf5 25. h4 a3 26. Rc5 Re7 27. Rc3 Ra7 28. Rc5 f4 29. exf4 Re7 30. Kh2 Ree2 31. Rg1 Rxa2 32. Rxd5 Rad2 33. Ra5 a2 34. d5 h5 35. f5 Kf8 36. Kg3 Ke7 37. Kf4 Rd4+ 38. Kg5 Re5 39. Rxa2 Rg4+ 40. Kxh5 Rg3 41. Ra7+ Kf6 42. Ra6+ Kxf5 43. d6 Kf4# 0-1


[Site "https://www.chess.com"]

[Event "Titled Tuesday Blitz February 14 Late 2023"]
[White "Bluebaum, Matthias"]
[Black "Zhigalko, Sergei"]
[WhiteFideId "24651516"]
[BlackFideId "13502956"]
[WhiteElo "2669"]
[BlackElo "2572"]
[Result "1-0"]
[Round "08"]
[TimeControl "180+2"]
[Date "2023.02.14"]
[WhiteClock "0:00:08"]
[BlackClock "0:00:04"]

1. d4 Nf6 2. c4 e6 3. Nc3 Bb4 4. e3 O-O 5. Bd2 d6 6. Bd3 Nbd7 7. Nge2 e5 8. O-O Re8 9. Qc2 Qe7 10. a3 Bxc3 11. Nxc3 Nf8 12. dxe5 dxe5 13. Nd5 Nxd5 14. cxd5 e4 15. Be2 Qg5 16. Qxc7 Qxd5 17. Rfd1 Qg5 18. Rac1 Bh3 19. Qg3 Qxg3 20. hxg3 Bd7 21. Ba5 Bc6 22. g4 Ne6 23. Kh2 Rac8 24. Kg3 h6 25. Rd2 Ba4 26. Rc4 Bc6 27. Rd6 Kf8 28. Rc3 Kg8 29. b4 Ba4 30. b5 b6 31. Bb4 Rxc3 32. Bxc3 Rc8 33. Bb4 Rc7 34. Rd5 Bb3 35. Rd2 Bc4 36. Bd6 Rc8 37. Rc2 Rd8 38. Rxc4 Rxd6 39. Rxe4 Kf8 40. Rc4 Nc5 41. a4 Rd2 42. Bf3 Ra2 43. Bd1 Ke7 44. Bc2 Kd6 45. Rd4+ Ke7 46. Bd1 Ne6 47. Bb3 Nxd4 48. Bxa2 Ne2+ 49. Kf3 Nc3 50. Bb3 Kd6 51. Bxf7 Nxa4 52. Bc4 Nc3 53. Bd3 Kc5 54. e4 Nxb5 55. e5 a5 56. Ke4 Nc7 57. f4 a4 58. f5 b5 59. f6 gxf6 60. exf6 Kd6 61. Kf5 b4 62. Kg6 b3 63. f7 Ne6 64. Bc4 Nf8+ 65. Kg7 Ke7 66. Kxh6 b2 67. Ba2 b1=Q 68. Bxb1 Kxf7 69. Ba2+ Ke7 70. g5 Ne6 71. Bxe6 Kxe6 72. g6 a3 73. g7 Kf7 74. Kh7 a2 75. g8=Q+ Ke7 76. Qxa2 1-0


[Site "https://www.chess.com"]